General information
			
			
        
        - name: BNet
 
        - type: Ladder 1vs1/FFA
 
        - host: Battle.net
 
        - saver: TRAINS
 
        
map: TerenasStand 
        - players: 2
 
        - length: 09:33
 
        - speed: Fast
 - version: 1.22 W3XP
 - replay type:  Public
 
» download(29 KB)
Players
        team 1 (loser) 
              
              
ImDrPepper (
pink | 67 APM | 637 actions | 09:28)
              
 3 Demon Hunter 
 2 Mana Burn
 1 Evasion
 1 Naga Sea Witch 
 1 Frost Arrows
 
                » actions 
                
                | Assign group hotkey | 31 |  | 
| Build / train | 31 |  | 
| Enter build submenu | 12 |  | 
| Enter hero's abilities submenu | 4 |  | 
| Right click | 223 |  | 
| Select / deselect | 190 |  | 
| Select group hotkey | 119 |  | 
| Use ability | 27 |  | 
                637 total
 » units 
                
                | Wisp | 9 |  | 
| Archer | 9 |  | 
| Huntress | 3 |  | 
| Forest Troll Shadow Priest | 1 |  | 
| Dryad | 1 |  | 
                23 total
 » upgrades
                » buildings
                
                | Altar of Elders | 1 |  | 
| Moon Well | 5 |  | 
| Ancient of War | 1 |  | 
| Hunter's Hall | 1 |  | 
| Tree of Ages | 1 |  | 
| Ancient of Lore | 2 |  | 
                11 total
 » build order
                00:05 Altar of Elders
00:14 Moon Well
00:23 Ancient of War
01:40 Moon Well
02:35 Moon Well
02:50 Hunter's Hall
03:50 Tree of Ages
04:50 Moon Well
05:11 Moon Well
06:25 Ancient of Lore
06:27 Ancient of Lore
 
               team 2 (winner) 
              
              
TRAINS (
green | 68 APM | 651 actions | 09:33)
              
 4 Archmage 
 2 Summon Water Elemental
 2 Brilliance Aura
 2 Naga Sea Witch 
 1 Frost Arrows
 1 Forked Lightning
 
                » actions 
                
                | Assign group hotkey | 27 |  | 
| Basic commands | 2 |  | 
| Build / train | 38 |  | 
| Enter build submenu | 18 |  | 
| Enter hero's abilities submenu | 6 |  | 
| Give item / drop item | 1 |  | 
| Right click | 270 |  | 
| Select / deselect | 98 |  | 
| Select group hotkey | 151 |  | 
| Use ability | 40 |  | 
                651 total
 » units 
                
                | Peasant | 8 |  | 
| Footman | 4 |  | 
| Rifleman | 4 |  | 
| Priest | 1 |  | 
| Sorceress | 1 |  | 
                18 total
 » upgrades
                » buildings
                
                | Altar of Kings | 1 |  | 
| Barracks | 1 |  | 
| Farm | 6 |  | 
| Arcane Vault | 1 |  | 
| Scout Tower | 6 |  | 
| Arcane Tower | 1 |  | 
| Keep | 1 |  | 
| Blacksmith | 1 |  | 
| Lumber Mill | 1 |  | 
| Arcane Sanctum | 1 |  | 
| Guard Tower | 5 |  | 
                25 total
 » build order
                00:09 Altar of Kings
00:20 Barracks
00:35 Farm
00:50 Farm
01:32 Farm
02:04 Arcane Vault
02:09 Scout Tower
02:37 Arcane Tower
03:08 Farm
03:28 Keep
03:37 Farm
03:41 Blacksmith
04:00 Lumber Mill
04:17 Farm
06:17 Arcane Sanctum
07:47 Guard Tower
08:13 Scout Tower
08:14 Scout Tower
08:14 Scout Tower
08:15 Scout Tower
08:16 Scout Tower
08:41 Guard Tower
08:51 Guard Tower
08:51 Guard Tower
09:14 Guard Tower
» items
                
                | Potion of Healing | 1 |  | 
| Scroll of Regeneration | 1 |  | 
| Ivory Tower | 1 |  | 
                3 total
  
                Chat log
          
(09:05 / All) ImDrPepper: HOW THE FUCK DO U BEAT THT
(09:05 / All) ImDrPepper: WTF
(09:10 / All) ImDrPepper: HATE THIS GAEM